[Event "44th Chess Olympiad Women 2022"]
[Site "Chennai"]
[Date "2022.08.05"]
[Round "7.32"]
[White "Rovira Contreras, Tairu Manuela"]
[Black "Alvarez Gutierrez, Patricia"]
[Result "1-0"]
[ECO "D15"]
[WhiteElo "2036"]
[BlackElo "1715"]
[Annotator "TA"]
[PlyCount "67"]
[EventDate "2022.07.29"]
[EventType "team-tourn"]
[EventCountry "IND"]
[SourceTitle "playchess.com"]
[Source "ChessBase"]
[SourceQuality "1"]
[WhiteTeam "Venezuela"]
[BlackTeam "Nicaragua"]
[WhiteTeamCountry "VEN"]
[BlackTeamCountry "NCA"]
[TimeControl "40/5400+30:1800+30"]

1. d4 d5 2. c4 c6 3. Nf3 Nf6 4. Nc3 a6 5. b3 Bf5 6. Nh4 {[%emt 0:01:38] [#] D15: Slav Defence: 4 Nc3 a6 and gambit lines after 4 Nc3 dxc4.} Bg4 $146 ({Predecessor:} 6... e6 7. Nxf5 exf5 8. Bb2 Nbd7 9. g3 Bb4 10. a3 Bxc3+ 11. Bxc3 Ne4 12. Qc2 Nxc3 13. Qxc3 {½-½ (50) Beliavsky,A (2667)-Schandorff,L (2520) Germany 2004}) 7. h3 Bh5 (7... Bc8 $5 ) 8. g4 {[%emt 0:01:18][%cal Bg2g4,Bg4g5][%mdl 32] White is slightly better.} Bg6 9. Nxg6 hxg6 10. g5 Ng8 11. Bg2 e6 $1 12. Qd3 Bb4 13. Kf1 Ne7 14. c5 (14. h4 $11) 14... Nf5 $15 15. Bf4 Bxc3 (15... Nd7 $17 {[%cal Oe6e5] Hoping for ...e5!} 16. h4 e5 17. Bxe5 Nxe5 18. dxe5 Rxh4) 16. Qxc3 Nh4 (16... Rh4 $142 17. e3 Nd7) 17. Bf3 Nxf3 (17... Nd7 $11) 18. Qxf3 Nd7 19. Qg3 Rc8 20. Kg2 Qa5 21. a3 Qb5 22. Rhe1 O-O 23. Qc3 {[%emt 0:09:15] [#] aiming for a4.} a5 24. a4 Qa6 25. Bd6 $36 {[%emt 0:00:23][%mdl 2048] White is in control.} Rfe8 26. h4 {[%emt 0:00:45][%cal Bh3h4,Bh4h5][%mdl 32] Black must now prevent Qh3. White is more active.} f6 $2 {[%emt 0:05:40][%mdl 8192] Black cannot hold the game after this.} (26... b6 $16 {is a better chance.}) 27. Qh3 $18 {[%emt 0:05:09] [#] Threatens to win with h5.} Kf7 28. e4 (28. h5 $142 fxg5 29. h6) 28... f5 $2 (28... dxe4 29. Rxe4 f5) 29. exd5 $2 (29. exf5 gxf5 30. h5) 29... exd5 (29... cxd5 30. h5 e5 31. dxe5 Ke6) 30. h5 {[%emt 0:01:46][%cal Od6e7] Be7! would kill now.} Re4 {[%emt 0:01:53] Against Be7} 31. Rxe4 {[%emt 0:07:40] White mates.} dxe4 32. hxg6+ ({Not} 32. Rh1 Qe2 $18) 32... Kxg6 33. Rh1 Nf8 34. Qh5# {[%emt 0:00:10] Weighted Error Value: White=0.31/Black=0.88} 1-0

[Event "44th Chess Olympiad Women 2022"]
[Site "Chennai"]
[Date "2022.08.05"]
[Round "7.32"]
[White "Ferrufino, Michelle"]
[Black "Otazo Sanchez, Annyd Gabriela"]
[Result "0-1"]
[ECO "C42"]
[WhiteElo "1811"]
[BlackElo "1932"]
[Annotator "TA"]
[PlyCount "102"]
[EventDate "2022.07.29"]
[EventType "team-tourn"]
[EventCountry "IND"]
[SourceTitle "playchess.com"]
[Source "ChessBase"]
[SourceQuality "1"]
[WhiteTeam "Nicaragua"]
[BlackTeam "Venezuela"]
[WhiteTeamCountry "NCA"]
[BlackTeamCountry "VEN"]
[TimeControl "40/5400+30:1800+30"]

1. e4 {[%emt 0:01:01] CB} e5 2. Nf3 Nf6 3. Nxe5 d6 4. Nf3 Nxe4 5. Nc3 Nxc3 6. dxc3 Be7 7. Be3 O-O 8. Qd2 Nd7 9. O-O-O c6 10. Bd3 d5 11. h4 {[%emt 0:01:50] C42: Petroff Defence: 3 Nxe5 and unusual White 3rd moves.} Nc5 12. Bxc5 Bxc5 {[%emt 0:00:03] [#]} 13. Ng5 $146 {[%emt 0:02:08] Black is slightly better.} ({Predecessor:} 13. Rde1 Qf6 14. Nd4 Bd7 15. Re3 Rae8 16. Rf3 Qe5 17. Bf5 Bxf5 18. Nxf5 Re6 19. h5 {1-0 (76) Carlsen,M (2850)-Ivanchuk,V (2726) Berlin 2015 CBM 168 Extra [CB]}) 13... h6 14. Nh7 (14. Kb1 $15) 14... Re8 $19 15. g4 $2 (15. Ng5 $17 {was called for.}) 15... Bxg4 16. Rdg1 h5 {[%emt 0:01:32] Active counter play!} 17. Ng5 Qf6 {[%emt 0:02:44] Against Qf4} 18. Rg2 (18. Kb1 {was worth a try.}) 18... Bd6 {[%emt 0:02:21] ...Bf4 is the strong threat. This bishop pair is nice.} 19. Kb1 Bf4 20. Bh7+ Kh8 21. Qd3 Bxg5 22. hxg5 Qe6 {[%emt 0:11:11][%cal Oe6e1] Strongly threatening ...Qe1+!} ({Stronger than} 22... Qxg5 23. f3 Qe3 24. Be4 (24. fxg4 $2 Qe1+ 25. Qd1 Qxd1+ 26. Rxd1 Kxh7 $19) 24... Qxd3 25. cxd3 $17) 23. b3 Be2 24. Bf5 Qe5 ({Worse is} 24... Bxd3 25. Bxe6 Be4 26. Bxf7) 25. Qh3 g6 26. Bg4 Bxg4 27. Rxg4 Kg7 28. Rg3 a5 {[%emt 0:03:28] Threatens to win with ...a4.} 29. Qh4 Qe4 30. Qh3 Qe2 31. f4 (31. Qf1 $142) 31... a4 32. b4 {[%emt 0:03:21] [#]} (32. c4 $19 dxc4 33. Qg2) 32... a3 $2 (32... Qe1+ $3 {[%mdl 512] mates} 33. Kb2 a3+ 34. Kb3 {[#]} c5 $1 35. Qc8 Rexc8 36. b5 c4+ 37. Kb4 Qe7#) 33. Rd3 {[%emt 0:03:14] [#]} Qe1+ $3 34. Rd1 Qe3 35. Qxe3 Rxe3 {[%emt 0:00:02][%mdl 4096] Endgame KRR-KRR} 36. f5 Rxc3 37. f6+ Kf8 38. Rde1 Ra4 39. Re7 Rxb4+ 40. Kc1 Re4 41. Rxb7 Rg3 {[%emt 0:13:18] Inhibits Rg1.} 42. Rh4 {[%emt 0:00:00] Threatening mate with Rxe4.} Ke8 ({Not} 42... Rg1+ $2 43. Kd2 Kg8 44. Rb8+ Kh7 45. Rxe4 dxe4 46. Rf8 Rxg5 47. Ke3 $19) 43. Rxe4+ dxe4 {[%emt 0:00:07] KR-KR} 44. Re7+ Kf8 45. Rc7 (45. Rxe4 $142 Rxg5 46. Ra4) 45... Kg8 {[%emt 0:01:52] And now ...h4 would win.} 46. Rxc6 Rxg5 47. Rc8+ Kh7 48. Rc7 h4 49. Rxf7+ Kg8 50. Rg7+ Kf8 {[%emt 0:00:06] ( -> ...h3)} 51. Kd2 h3 {[%emt 0:00:10] White got outplayed after the opening.  Weighted Error Value: White=0.99/Black=0.34} 0-1

[Event "44th Chess Olympiad Women 2022"]
[Site "Chennai"]
[Date "2022.08.05"]
[Round "7.33"]
[White "Zairbek kyzy, Begimai"]
[Black "Pipiras, Filipa Fortuna"]
[Result "0-1"]
[ECO "B22"]
[WhiteElo "1949"]
[BlackElo "2139"]
[Annotator "TA"]
[PlyCount "74"]
[EventDate "2022.07.29"]
[EventType "team-tourn"]
[EventCountry "IND"]
[SourceTitle "playchess.com"]
[Source "ChessBase"]
[SourceQuality "1"]
[WhiteTeam "Kyrgyzstan"]
[BlackTeam "Portugal"]
[WhiteTeamCountry "KGZ"]
[BlackTeamCountry "POR"]
[TimeControl "40/5400+30:1800+30"]

1. e4 c5 2. c3 Nf6 3. e5 Nd5 4. d4 cxd4 5. Nf3 Nc6 6. cxd4 d6 7. Bc4 dxe5 8. dxe5 Ndb4 9. Qb3 e6 {[%emt 0:00:00] B22: Sicilian: 2 c3.} 10. O-O Na5 $1 11. Bb5+ Bd7 {[%emt 0:02:36] The position is equal.} 12. Qa4 Bxb5 13. Qxb5+ Nac6 {[%emt 0:00:15] aiming for ...Nc2.} 14. Nc3 (14. Qxb7 $2 Rb8 15. Bg5 Qa5 16. Qxb8+ Nxb8 $19) 14... a6 15. Qe2 ({Don't go for} 15. Qxb7 $2 Rb8 16. Bg5 Qa5 17. Qxb8+ Nxb8 $19) 15... Qd3 16. Rd1 Qxe2 17. Nxe2 Bc5 18. a3 Nd5 19. Nf4 {[%emt 0:02:20] [#]} Nce7 $146 ({Predecessor:} 19... Nb6 20. Nd3 Rd8 21. Bg5 Be7 22. Bxe7 Kxe7 23. Nc5 Rxd1+ 24. Rxd1 Rb8 25. b3 Nd5 {0-1 (52) Comsa,C (1835)-Bok,B (2640) Columbia 2019}) 20. Nxd5 Nxd5 21. Nd2 O-O 22. Ne4 Ba7 23. Bd2 (23. b3 $11) 23... Bd4 $17 24. Bc3 Nxc3 25. bxc3 Bxe5 26. Rd7 {[%emt 0:01:09] [#]} (26. a4 $17) 26... b5 $1 $19 ({Inferior is} 26... f5 27. Nc5 $17) 27. Rad1 Rfc8 28. g3 {[%emt 0:01:13] [#]} (28. Nd6 $17 {was called for.} Rf8 29. Rd3) 28... h6 $1 ({Much less strong is} 28... Bxc3 29. Nxc3 Rab8 30. Ne4 $18) 29. f4 (29. Kg2 $142) 29... Bxc3 30. Rb7 (30. Nd6 {was necessary.} Rf8 31. Rd3) 30... Bb2 31. Rdd7 Bxa3 {[%emt 0:00:27] Black is clearly winning.} 32. Rxf7 Bf8 33. Kg2 a5 34. g4 a4 {[%emt 0:01:08] White must now prevent ...a3.} 35. Nd6 Rc2+ 36. Kf3 a3 {[%emt 0:00:14] Strongly threatening ...a2.} 37. Nxb5 a2 {[%emt 0:00:10] Weighted Error Value: White=0.52/Black=0.04 (flawless)} 0-1

[Event "44th Chess Olympiad Women 2022"]
[Site "Chennai"]
[Date "2022.08.05"]
[Round "7.33"]
[White "Silva, Mariana Sofia T."]
[Black "Samaganova, Alexandra"]
[Result "0-1"]
[ECO "E06"]
[WhiteElo "1912"]
[BlackElo "1864"]
[Annotator "TA"]
[PlyCount "110"]
[EventDate "2022.07.29"]
[EventType "team-tourn"]
[EventCountry "IND"]
[SourceTitle "playchess.com"]
[Source "ChessBase"]
[SourceQuality "1"]
[WhiteTeam "Portugal"]
[BlackTeam "Kyrgyzstan"]
[WhiteTeamCountry "POR"]
[BlackTeamCountry "KGZ"]
[TimeControl "40/5400+30:1800+30"]

1. d4 Nf6 2. c4 e6 3. g3 d5 4. Bg2 c5 5. cxd5 Nxd5 6. Nf3 Nc6 7. O-O Be7 8. dxc5 Bxc5 9. Qc2 Qe7 {[%emt 0:07:45] is the legacy move (9...Be7). E06: Closed Catalan: Early deviations.} 10. a3 a5 11. e4 Nc7 {[%emt 0:07:33] White is better.} 12. e5 {[%emt 0:05:07] [#]} f6 $146 {[%emt 0:14:56] Prevents Bg5.} (12... Ba7 $16) ({Predecessor:} 12... h6 13. Nc3 Bd7 14. Ne4 Na6 15. Be3 Bxe3 16. Nd6+ Kf8 17. fxe3 Nd8 18. Nh4 Kg8 19. Bxb7 {1-0 (33) Hess,M (2326)-Demir,B (2069) Tegernsee 2018}) 13. exf6 $18 gxf6 14. Nc3 O-O 15. Bh6 Rf7 16. Rad1 e5 17. Ne4 Bd4 18. h3 {[%emt 0:09:53] Against Bg4} (18. Qd2 $142) 18... Be6 19. Rfe1 Rd8 20. Qa4 (20. Nxd4 Nxd4 21. Qc1 Ncb5 $11) 20... Bb6 (20... Bd5 $142) 21. Rxd8+ $16 Nxd8 22. Rd1 $1 Bd5 (22... Ne8 $16 {was worth a try.} 23. Qb5 Bc7) 23. Nc3 (23. Nh4 $1 $18 {[%cal Rh4f5] is the precise move to win. Hoping for Nf5.} Be6 24. Nd6) 23... Bc6 (23... Be6 $16) 24. Qg4+ $18 Kh8 25. Nh4 Nce6 $2 (25... Bd7 {was called for.} 26. Qh5 Bd4) 26. Nf5 Qc7 27. Nd5 Bxd5 28. Bxd5 {[%emt 0:00:14] Strongly threatening Qa4.} Rd7 29. Rc1 Qb8 {[%emt 0:00:18] [#]} 30. Ng7 $2 Rxg7 31. Bxg7+ Nxg7 {[%emt 0:01:30] [#]} 32. Qd7 {[%emt 0:01:13] aiming for Rc8.} (32. Rc8 Qd6 33. Qf3 f5 34. Bxb7 e4 $15) 32... e4 {[%emt 0:00:10] ( -> ...Qxg3+)} 33. Kg2 Qe5 34. Rc8 {[%emt 0:00:59] And now Qf7 would win.} e3 $2 (34... h5 35. Qf7 Kh7 36. Qg8+ Kh6) 35. Rxd8+ (35. Qf7 $142 Qe8 36. Qxf6 (36. Qxe8+ Nxe8 37. fxe3 Nd6 $11)) 35... Bxd8 36. Qxd8+ {[%emt 0:00:10][%mdl 4096] Endgame KQB-KQN} Ne8 $2 (36... Qe8 {might work better.} 37. Qxe8+ (37. Qxf6 $2 e2 $19) 37... Nxe8 38. fxe3 b6) 37. fxe3 $2 (37. f4 $18 {and White stays clearly on top.} Qxb2+ 38. Kf3) 37... Qxe3 ({Black should try} 37... Qxb2+ 38. Kf3 Qb5) 38. Bf3 (38. Bxb7 $16 {h4 is the strong threat.} Qe2+ 39. Kh1) 38... Qe5 $11 39. h4 Qxb2+ 40. Kh3 Qe5 41. Qc8 Kg7 42. Qd7+ Kf8 43. Qxh7 Ng7 (43... b5 $11) 44. Bg4 ({White should play} 44. Bxb7 $16 {Black must now prevent Qe4.} Nf5 45. Qg6) 44... Qd5 45. Qb1 {[%emt 0:03:10] Prevents Qh1+.} f5 46. Qf1 Ke7 47. Bf3 Qb3 48. Qe2+ Ne6 49. a4 Kf6 50. Qd1 Qc3 51. Kh2 (51. Bxb7 {is a self mate.} Nf4+ 52. Kh2 Qb2+ 53. Kg1 Nh3+ 54. Kh1 Nf2+ 55. Kg1 Nxd1 56. Bd5 Qd4+ 57. Kg2 Qxd5+ 58. Kg1 Qf3 59. Kh2 Ne3 60. Kh3 Qh1#) 51... b6 52. h5 Nd4 53. Bg2 Kg5 54. Qb1 $2 (54. Qf1 $11 Qc7 55. Qe1) 54... Ne2 55. Bf1 Qxg3+ {[%emt 0:00:11] Weighted Error Value: White=0.62/Black=0.46} 0-1

[Event "44th Chess Olympiad Women 2022"]
[Site "Chennai"]
[Date "2022.08.05"]
[Round "7.34"]
[White "Johannsdottir, Johanna Bjorg"]
[Black "Abrorova, Sabrina"]
[Result "1-0"]
[ECO "B80"]
[WhiteElo "1976"]
[BlackElo "1799"]
[Annotator "TA"]
[PlyCount "95"]
[EventDate "2022.07.29"]
[EventType "team-tourn"]
[EventCountry "IND"]
[SourceTitle "playchess.com"]
[Source "ChessBase"]
[SourceQuality "1"]
[WhiteTeam "Iceland"]
[BlackTeam "Tajikistan"]
[WhiteTeamCountry "ISL"]
[BlackTeamCountry "TJK"]
[TimeControl "40/5400+30:1800+30"]

1. e4 c5 2. Nf3 d6 3. d4 cxd4 4. Nxd4 Nf6 5. Nc3 a6 6. g3 e6 7. a4 {[%emt 0:01:10] B80: Sicilian Scheveningen: 6 g3 and 6 Be3, including English Attack.} b6 8. Bg2 {[%emt 0:01:29][%cal Od4e6] next Nxe6! is good for White.} Bb7 $1 9. O-O {[%emt 0:00:23] The position is equal.} Qc7 10. Be3 Nbd7 11. f3 {[%emt 0:04:15] [#]} Be7 $146 ({Predecessor:} 11... Rc8 12. Qe2 Be7 13. Rfc1 O-O 14. Nd1 d5 15. exd5 Nxd5 16. Bf2 Bf6 17. Ra3 Rfe8 {0-1 (61) Denda,R (1881)-Thieme,H (2010) Eckernfoerde 2010}) 12. Qd2 Rc8 13. Rad1 Ne5 14. Bf2 h5 15. Nde2 Nfd7 (15... g5 $15) 16. b3 Qc6 ({Black should play} 16... h4 $15) 17. h3 $11 b5 18. f4 {[%emt 0:04:46] Prevents g5.} Ng6 $1 19. Rc1 f5 $2 (19... O-O $11 {and Black has nothing to worry.}) 20. axb5 $18 axb5 {[%emt 0:00:07] [#]} 21. Nxb5 $1 fxe4 (21... Qxb5 $2 22. Nd4 Qc5 23. Nxe6 $16) (21... Nf6 22. Na7) 22. Nbd4 (22. Ned4 $18 e3 23. Bxe3 (23. Bxc6 exd2 24. Bxb7 dxc1=R $18) 23... Qxg2+ 24. Qxg2 Bxg2 25. Kxg2) 22... e3 $16 23. Bxc6 exd2 24. Bxb7 dxc1=Q 25. Rxc1 Rb8 26. Be4 {[%emt 0:00:32][%cal Bb7e4,Be4d3,Bd3b5][%mdl 1056] White has strong compensation. This bishop pair is nice.} Ngf8 27. Nc6 Rc8 28. Ned4 {[%emt 0:03:10] 0x0.0013bc3050cddp-1022s more active pieces.} d5 29. Bd3 Nc5 (29... Bd6 $16 {might work better.}) 30. Bb5 $36 {[%emt 0:00:37][%mdl 2048] White is really pushing.} Kf7 31. Ra1 (31. Nxe7 $16 Kxe7 32. Ra1) 31... Nfd7 $2 (31... Bd6 $1 $14) 32. Nxe7 (32. Ra7 Ra8 $11) 32... Kxe7 {[%emt 0:00:02] [#]} 33. b4 $1 ({Inferior is} 33. Ra7 Ra8 $11) 33... Ne4 34. Ra7 Nef6 (34... Rhd8 {was necessary.} 35. Nc6+ Rxc6) 35. Ra6 $2 (35. Nf3 $18 {and the rest is easy.}) 35... Nf8 $2 (35... Kf7 $16 {was called for.}) 36. Nc6+ Kf7 $2 (36... Rxc6 37. Bxc6 N8d7) 37. Ra7+ {[%emt 0:00:06][%cal Ba6a7,Ba7d7,Bd7d6][%mdl 96] Skewer. White is clearly winning.} N6d7 38. Ne5+ Kf6 39. Nxd7+ Nxd7 40. Rxd7 e5 41. Rd6+ Ke7 42. Bc5 exf4 43. gxf4 d4 44. Rxd4+ Kf6 45. Rd6+ Kf7 46. Bc4+ Ke8 47. Ba6 Rc7 48. Bb6 {[%emt 0:06:58] Weighted Error Value: White=0.37/Black=0.56} 1-0

[Event "44th Chess Olympiad Women 2022"]
[Site "Chennai"]
[Date "2022.08.05"]
[Round "7.34"]
[White "Antonova, Nadezhda"]
[Black "Ptacnikova, Lenka"]
[Result "1-0"]
[ECO "E08"]
[WhiteElo "1832"]
[BlackElo "2066"]
[Annotator "TA"]
[PlyCount "105"]
[EventDate "2022.07.29"]
[EventType "team-tourn"]
[EventCountry "IND"]
[SourceTitle "playchess.com"]
[Source "ChessBase"]
[SourceQuality "1"]
[WhiteTeam "Tajikistan"]
[BlackTeam "Iceland"]
[WhiteTeamCountry "TJK"]
[BlackTeamCountry "ISL"]
[TimeControl "40/5400+30:1800+30"]

1. d4 Nf6 2. c4 e6 3. g3 d5 4. Nf3 c6 5. Bg2 Nbd7 6. Qc2 Be7 7. O-O O-O 8. Bf4 Ne4 9. Nfd2 {[%emt 0:01:51] E08: Closed Catalan: Main Line: 7 Qc2.} g5 10. Be3 ({Better is} 10. Nxe4 $11 gxf4 11. cxd5) 10... f5 (10... Nd6 $1 $15) 11. Nxe4 $14 {[%emt 0:02:47] White is slightly better.} dxe4 12. Nc3 {[%emt 0:02:21] [#]} Nb6 $146 ({Predecessor:} 12... Qe8 13. Rad1 Qh5 14. Qc1 e5 15. dxe5 Nxe5 16. Bd4 Ng4 17. h3 Nh6 {1-0 (39) Yeletsky,I (2422)-Aroesti,R (2261) Montevideo 2017}) 13. b3 Bd7 14. Rad1 Rc8 15. a4 a5 16. Bc1 Qc7 17. f3 exf3 18. exf3 Bf6 19. f4 g4 20. Kh1 h5 21. Qf2 Rcd8 22. Be3 Nc8 23. Rc1 Rf7 24. Ne2 h4 25. gxh4 Rh7 26. Ng3 Bxh4 27. d5 c5 28. Kg1 b6 29. Bd2 Ne7 30. Bc3 {[%emt 0:01:41][%cal Od5d6] Strongly threatening d6!} exd5 31. cxd5 (31. Be5 $5 Qb7 32. cxd5 $11) 31... Ng6 {[%emt 0:00:40] Inhibits Be5.} 32. Rce1 Bc8 33. Be5 Qf7 34. Rd1 Bb7 35. Qd2 Rd7 (35... Bxg3 $11 36. hxg3 Nxe5 37. fxe5 Qh5) 36. Qd3 Bxg3 37. hxg3 Ne7 38. d6 {[%emt 0:00:53] aiming for Bxb7.} Nc8 $2 (38... Bxg2 $14 39. Kxg2 Nc6) 39. Bxb7 $18 Rxb7 40. Kg2 {[%emt 0:01:01] And now Rh1 would win.} Rd7 $2 (40... Qh5 $2 41. Rh1 Qh3+ 42. Rxh3 $18) (40... Qd7 $16 {might work better.}) 41. Rh1 $1 {[%emt 0:31:47] Black must now prevent Rxh7.} ({Less strong is} 41. Qa6 Rd8 $14) 41... Ne7 42. Rxh7 (42. Kf2 $142 Rh3 43. Rxh3 gxh3 44. Qf3) 42... Kxh7 43. Qb5 $36 {[%emt 0:00:00][%mdl 2048] Black is under strong pressure. Dancing on a razor blade.} Nd5 {[%emt 0:00:00] [#] Hoping for ...Ne3+.} 44. Kf2 {[%emt 0:00:00] Prevents Ne3.} (44. Rd2 $1 $16 {Qc6 is the strong threat.} Kg6 45. Qc6) 44... Nb4 {[%emt 0:00:00] Against Qc6} (44... Kg6 $11 {feels stronger.}) 45. Rd2 (45. Qc4 $14 Kg6 46. Ke3) 45... Kg6 $11 46. Qc4 Qe8 (46... Qxc4 $11 47. bxc4 Kf7) 47. Re2 $14 {[%emt 0:00:00] White is more active.} Rh7 (47... Qf7 $1 $14) 48. Ke1 (48. Ke3 $18) 48... Rh1+ $2 {[%emt 0:00:00][%mdl 8192] [#]} ({Black should try} 48... Qf7 $1 $14) 49. Kd2 $1 $18 {[%emt 0:00:22] Intending Bc3 and mate.} Kh5 (49... Qf7 $18 50. Bc3 (50. Qxf7+ Kxf7 51. Bc3 Nc6 $11) 50... Qxc4 51. bxc4 Nc6) 50. Bc3 {[%emt 0:00:44] White mates.} Qd7 51. Qe6 Qxe6 52. Rxe6 Rh2+ 53. Kd1 {[%emt 0:01:00] Weighted Error Value: White=0.21 (precise) /Black=0.55} 1-0

[Event "44th Chess Olympiad Women 2022"]
[Site "Chennai"]
[Date "2022.08.05"]
[Round "7.34"]
[White "Saidova, Rukhshona"]
[Black "Thorsteinsdottir, Hallgerdur"]
[Result "1/2-1/2"]
[ECO "B19"]
[WhiteElo "1624"]
[BlackElo "1934"]
[Annotator "TA"]
[PlyCount "135"]
[EventDate "2022.07.29"]
[EventType "team-tourn"]
[EventCountry "IND"]
[SourceTitle "playchess.com"]
[Source "ChessBase"]
[SourceQuality "1"]
[WhiteTeam "Tajikistan"]
[BlackTeam "Iceland"]
[WhiteTeamCountry "TJK"]
[BlackTeamCountry "ISL"]
[TimeControl "40/5400+30:1800+30"]

1. e4 c6 2. d4 d5 3. Nc3 dxe4 4. Nxe4 Bf5 5. Ng3 Bg6 6. h4 h6 7. h5 Bh7 8. Nf3 e6 9. Bd3 Bxd3 10. Qxd3 Nf6 11. Bd2 Nbd7 12. O-O-O Be7 13. Kb1 O-O 14. Ne4 Nxe4 {[%emt 0:03:31] B19: Classical Caro-Kann: 4...Bf5 main line.} 15. Qxe4 Nf6 16. Qe2 Qd5 {[%emt 0:01:30] White is slightly better.} 17. Ne5 a5 (17... Qxg2 18. Rdg1 Qe4 19. Qxe4 Nxe4 20. Bxh6 $16) 18. f3 {[%emt 0:06:20] [#]} a4 $146 ({Predecessor:} 18... Qxd4 19. Bxh6 Qxd1+ 20. Rxd1 gxh6 21. g4 Rad8 22. Rf1 Nd5 23. f4 Bf6 24. a3 Nc7 25. g5 hxg5 26. fxg5 Bh8 27. h6 Rd5 28. h7+ Kg7 29. Qh5 {1-0 (29) Cchung,C (1753)-Houpst,C (1711) Utrecht 2018}) 19. Bc1 Qa5 {[%emt 0:16:52] [#]} (19... a3 $11 {keeps the balance.} 20. b3 Rfd8) 20. Ng6 $1 {[%emt 0:06:30] White is more active.} Rfe8 $11 21. Nxe7+ Rxe7 22. g4 a3 {[%emt 0:03:12] aiming for ...Nd5.} 23. Bd2 Qb6 24. b3 {[%emt 0:05:06] Strongly threatening g5.} Qxd4 25. c3 $1 Qc5 26. g5 $2 (26. b4 $1 $14 Qd5 27. Bxh6 $1) 26... hxg5 $19 27. h6 g6 28. h7+ Kh8 29. Rdg1 Qf5+ (29... Nd5 $19 30. Qd3 Nf4 31. Qd4+ Qxd4 32. cxd4 Rd7 33. Rxg5 Nh5) 30. Kc1 $17 Nd5 (30... Rd7 $142 31. Rxg5 Qd3) 31. Bxg5 (31. Rxg5 $17 {is the only way for White.} Nf4 32. Qe5+ Qxe5 33. Rxe5) 31... Nf4 $4 ({Avoid the trap} 31... Nxc3 $2 32. Qc2 Nxa2+ 33. Qxa2 $19) (31... f6 $19 {and life is good for Black.} 32. Bd2 Nf4 33. Bxf4 Qxf4+ 34. Qd2 Qxd2+ 35. Kxd2 Rxh7) 32. Qe4 $18 {[%emt 0:03:00] Threatening mate with Qxf5.} Nd5 33. Bxe7 $40 {[%emt 0:03:20][%mdl 128] White wants a kill. Dancing on a razor blade.} Nxe7 {[%emt 0:00:03] [#]} 34. Qxf5 exf5 {[%emt 0:01:43][%mdl 4096] Endgame KRR-KRN} 35. Re1 Nd5 {[%emt 0:00:04] [#]} 36. Kc2 (36. c4 $1 $18 {[%cal Rc4d5] and the rest is easy.} Nb4 37. Kb1) 36... Kg7 (36... g5 $16) 37. b4 b5 (37... f4 $142 38. Re5 Kh8) 38. Kb3 Nf6 $2 (38... f4 {might work better.} 39. Re4 (39. c4 Ne3 $18) 39... Nf6) 39. h8=Q+ Rxh8 40. Rxh8 Kxh8 41. Kxa3 {[%emt 0:31:12] KR-KN} Kg7 42. Kb3 g5 43. c4 g4 44. fxg4 fxg4 45. cxb5 cxb5 46. Re5 Kg6 47. Rxb5 Ne4 $2 (47... g3 48. Rc5 Ne4) 48. Rd5 f5 49. Rd1 f4 50. a4 $2 (50. b5 {Kb4 is the strong threat.} g3 51. b6) 50... g3 {[%emt 0:02:32] Hoping for ...g2.} 51. a5 g2 {[%emt 0:01:59][%cal Oe4d2] Threatens to win with ...Nd2+!} 52. Rg1 $2 (52. a6 $18 {White threatens a7 and mate.} Nd2+ 53. Ka4) 52... f3 $17 53. a6 {[%emt 0:00:35] a7 would kill now.} Kf5 54. a7 f2 55. Rxg2 f1=Q 56. a8=Q {[%emt 0:00:12] White wants to mate with Qd5+.} Qxg2 (56... Qf3+ $17 57. Kb2 Qxg2+ 58. Ka1 Qh1+ 59. Kb2 Qg2+ 60. Ka3 Qf3+ 61. Kb2 Qe2+ 62. Ka3 Qd3+ 63. Ka2 Qd2+ 64. Ka3 Qc1+ 65. Ka2 Qc4+ 66. Ka3 Qc3+ 67. Ka2 Qd2+ 68. Ka3 Qd3+ 69. Ka2 Qd2+) 57. Qd5+ $11 {[%emt 0:00:15] The position is equal.} Kf4 58. Qf7+ Ke3 59. Qa7+ Ke2 60. Qa6+ Kf3 61. Qd3+ Kf4 62. Qd4 Qf3+ 63. Ka4 Qe2 64. b5 {[%emt 0:00:42] Prevents Qa6+.} Kf3 65. Qd5 Kf4 66. Qd4 {[%emt 0:00:36] Inhibits Nc3+.} Kf3 67. Qd5 Kf4 {[%emt 0:00:28] ( -> ...Nc3+)} 68. Qd4 {[%emt 0:00:07] Against Nc3+. Black defended with fortune.  Weighted Error Value: White=0.50/Black=0.41} 1/2-1/2